 Dungeon Crawl Stone Soup version 0.30.1-4-g462c640d31 (webtiles) character file.

Game seed: 7901399950925840928

281 GigaChad the Chopper (level 6, -1/53 HPs)
             Began as a Minotaur Fighter on May 22, 2023.
             Was an Initiate of the Shining One.
             Constricted to death by Edmund (6 damage)
             ... on level 4 of the Dungeon on Aug 17, 2023.
             The game lasted 00:10:13 (2967 turns).

GigaChad the Chopper (Minotaur Fighter)             Turns: 2967, Time: 00:10:13

Health: -1/53      AC: 17    Str: 23    XL:     6   Next: 6%
Magic:  5/5        EV:  0    Int: 11    God:    the Shining One [......]
Gold:   213        SH:  4    Dex:  9    Spells: 5/5 levels left

rFire   . . .        a - +1 war axe
rCold   . . .        c - +0 buckler
rNeg    . . .        r - +0 crystal plate armour
rPois   .            (helmet restricted)
rElec   .            (no cloak)
rCorr   .            (no gloves)
SInv    .            (no boots)
Will    .....        p - amulet of regeneration Stlth
                     m - +6 ring of intelligence
HPRegen 1.08/turn    (no ring)
MPRegen 0.09/turn

%: no passive effects
@: grasped by roots, glowing, constricted
A: horns 2, retaliatory headbutt
a: Renounce Religion


You were on level 4 of the Dungeon.
You worshipped the Shining One.
The Shining One was noncommittal.
You visited 1 branch of the dungeon, and saw 4 of its levels.

You collected 213 gold pieces.

Inventory:

Hand Weapons
 a - a +1 war axe (weapon)
Armour
 b - a +1 scale mail
 c - a +0 buckler (worn)
 q - the +1 robe "Itisk" {Contam Harm Str+3 Slay+6}
   (You found it on level 2 of the Dungeon)

   Str:       It affects your strength (+3).
   Slay:      It affects your accuracy & damage with ranged weapons and melee
   (+6).
   Contam:    It causes magical contamination when unequipped.
   Harm:      It increases damage dealt and taken.
 r - a +0 crystal plate armour (worn)
Jewellery
 m - a +6 ring of intelligence (left hand)
 p - an amulet of regeneration (around neck)
Scrolls
 e - a scroll of teleportation
 k - a scroll of magic mapping
 l - a scroll of summoning
 s - 2 scrolls of fog
 t - a scroll of immolation
 x - a scroll of poison
 A - a scroll of fear
Potions
 d - 2 potions of might
 f - 2 potions of resistance {unknown}
 g - a potion of mutation {unknown}
 h - a potion of brilliance {unknown}
 i - 3 potions of curing {unknown}
 n - 3 potions of cancellation {unknown}
 o - 2 potions of degeneration {unknown}
 v - a potion of haste {unknown}
 z - a potion of flight {unknown}


   Skills:
 * Level 4.7 Fighting
 * Level 5.5 Axes
 * Level 5.0 Armour
 * Level 4.4 Shields


You had 5 spell levels left.
You didn't know any spells.
Your spell library contained the following spells:

 Spells                   Type           Power      Damage    Failure   Level
 Apportation              Tloc           0%         N/A       100%        1
 Necrotise                Necr           0%         1d4       100%        1
 Summon Small Mammal      Summ           0%         N/A       100%        1
 Gell's Gravitas          Tloc           0%         N/A       100%        3
 Teleport Other           Tloc           0%         N/A       100%        3
 Alistair's Intoxication  Tmut/Pois      0%         N/A       100%        5
 Dispersal                Tloc           0%         N/A       100%        6


Dungeon Overview and Level Annotations

Branches:
Dungeon (4/15)
 Temple: D:4-7

Altars:
Nemelex Xobeh
Zin
The Shining One

Annotations:
D:4 Edmund


Innate Abilities, Weirdness & Mutations

You have a pair of horns on your head.
You reflexively headbutt those who attack you in melee.


Message History

Edmund zaps a wand.
The roots erupt in riotous growth!
The grasping roots grab you!
Edmund is unaffected.
The grasping roots constrict you.
You hit Edmund but do no damage.
Edmund is moderately wounded.
Edmund hits you but does no damage. The grasping roots constrict you.
You hit Edmund but do no damage. Your headbutt misses Edmund.
Edmund is moderately wounded.
Edmund hits you with a +2 flail of protection.
The grasping roots constrict you.
The grasping roots release their grip on you.
You slash Edmund!
Edmund is heavily wounded.
Edmund hits you but does no damage.
Edmund hits you with a +2 flail of protection!
* * * LOW HITPOINT WARNING * * *
You slash Edmund! You headbutt Edmund.
Edmund is severely wounded.
Edmund hits you with a +2 flail of protection.
* * * LOW HITPOINT WARNING * * *
You slash Edmund!
Edmund is almost dead.
Edmund hits you with a +2 flail of protection.
* * * LOW HITPOINT WARNING * * *
You hit Edmund but do no damage.
Edmund is almost dead.
Edmund zaps a wand.
The roots erupt in riotous growth!
The grasping roots grab you!
Edmund is unaffected.
The grasping roots constrict you.
* * * LOW HITPOINT WARNING * * *
You closely miss Edmund.
Edmund is almost dead.
You block Edmund's attack. The grasping roots constrict you.
* * * LOW HITPOINT WARNING * * *
You hit Edmund but do no damage. Your headbutt misses Edmund.
Edmund is almost dead.
Edmund hits you with a +2 flail of protection.
* * * LOW HITPOINT WARNING * * *
The grasping roots constrict you.
You die...

# ### .### #.. ...#
#.# ###.#.### ###
#.# #.......#
##.####.###@....#
#.#........@....#
##.####.####....#
#.# #... ....# ..#
#.# ##### #.### #.#
#.## .# #.# #..#
#+## #.# ##.#
##...## ... #.#
##.....## ####.#
###.######.......##
##.##.#


You could see Edmund.

Vanquished Creatures
  A scorpion (D:4)
  2 iguanas
  An orc wizard (D:3)
  7 adders
  A worm (D:4)
  2 dart slugs (D:3)
  3 orcs (D:3)
  6 endoplasms
  A giant cockroach (D:3)
  6 goblins
  5 hobgoblins
  7 jackals
  7 kobolds
  3 quokkas
  5 ball pythons
  5 bats
  3 frilled lizards
  7 rats
72 creatures vanquished.

Notes
Turn   | Place    | Note
-------+----------+-------------------------------------------
     0 | D:1      | GigaChad the Minotaur Fighter began the quest for the Orb.
     0 | D:1      | Reached XP level 1. HP: 19/19 MP: 0/0
   115 | D:1      | Reached XP level 2. HP: 27/27 MP: 1/1
   297 | D:1      | Upgraded the game from 0.30.0-17-ge0270778cf to
                  | 0.30.0-18-gc0e69614cb
   297 | D:1      | Upgraded the game from 0.30.0-18-gc0e69614cb to
                  | 0.30.0-29-ga12c61a403
   701 | D:2      | Reached XP level 3. HP: 29/33 MP: 2/2
   828 | D:2      | Upgraded the game from 0.30.0-29-ga12c61a403 to
                  | 0.30.1-4-g462c640d31
  1059 | D:2      | Reached XP level 4. HP: 40/40 MP: 3/3
  1075 | D:2      | Identified the +1 robe "Itisk" {Contam Harm Str+3 Slay+6}
  1536 | D:3      | Found a sparkling altar of Nemelex Xobeh.
  1541 | D:3      | Found a glowing silver altar of Zin.
  1551 | D:3      | Reached XP level 5. HP: 44/47 MP: 4/4
  1559 | D:3      | Found a glowing golden altar of the Shining One.
  1571 | D:3      | Became a worshipper of the Shining One
  1807 | D:3      | Found a faded altar of an unknown god.
  2013 | D:4      | Reached skill level 5 in Axes
  2079 | D:4      | Reached skill level 5 in Armour
  2560 | D:4      | Reached XP level 6. HP: 18/53 MP: 5/5
  2942 | D:4      | Noticed Edmund
  2967 | D:4      | Constricted to death by Edmund

Illustrated notes

Levels and vault maps discovered:
D:1:      onia_arrival_handbag, layout_loops_ring
D:2:      layout_basic, minmay_octomino_j4
D:3:      layout_basic, minmay_overflow_temple_star_quad,
          hellmonk_ecumenical_altar_leap_of_faith
D:4:      layout_loops_corners, minmay_misc_feat_enclosed,
          guppyfry_early_lair_pool, uniq_menkaure, uniq_edmund

Skill      XL: |  1  2  3  4  5 |
---------------+----------------+-----
Armour         | 4 5 |  5.0
Axes           | 3 4 5 |  5.5
Fighting       | 4 |  4.7
Shields        | 4 |  4.4

Action                     |  1- 3 |  4- 6 || total
---------------------------+-------+-------++-------
  Melee: War axe           |    76 |   121 ||   197
         Headbutt          |     8 |    16 ||    24
    Use: Scroll            |     4 |     9 ||    13
 Armour: Scale mail        |    39 |       ||    39
         Crystal plate arm |     3 |   100 ||   103
  Dodge: Dodged            |    30 |    12 ||    42
  Block: Buckler           |    11 |    20 ||    31
